 Dungeon Crawl Stone Soup version 0.24-a0-479-g9a978d2 (webtiles) character file.

Game seed: 23211550022894161

49 silentkaos13 the Sneak (level 4, 0/27 HPs)
             Began as a Kobold Assassin on July 9, 2019.
             Succumbed to an adder's poison
             ... on level 2 of the Dungeon.
             The game lasted 00:03:02 (1320 turns).

silentkaos13 the Sneak (Kobold Assassin)            Turns: 1320, Time: 00:03:03

Health: 0/27       AC:  4    Str:  8    XL:     4   Next: 1%
Magic:  4/4        EV: 14    Int: 12    God:
Gold:   79         SH:  0    Dex: 17    Spells: 3/3 levels left

rFire    . . .     SeeInvis .   a - +2 dagger
rCold    . . .     Gourm    .   (shield restricted)
rNeg     . . .     Faith    .   b - +0 robe
rPois    .         Spirit   .   (no helmet)
rElec    .         Reflect  .   c - +1 cloak
rCorr    .         Harm     .   (no gloves)
MR       .....                  (no boots)
Stlth    +++.......             (no amulet)
HPRegen  0.09/turn              (no ring)
MPRegen  0.09/turn              (no ring)

@: lethally poisoned (0 -> -8)
A: small, carnivore
a: no special abilities


You were on level 2 of the Dungeon.
You were not hungry.

You visited 1 branch of the dungeon, and saw 2 of its levels.

You collected 79 gold pieces.

Inventory:

Hand Weapons
 a - a +2 dagger (weapon)
Missiles
 d - 15 poisoned darts (quivered)
 e - 2 curare-tipped darts
Armour
 b - a +0 robe (worn)
 c - a +1 cloak (worn)
Scrolls
 g - 3 scrolls of identify
 h - a scroll of magic mapping
Comestibles
 f - 2 rations
 i - a chunk of flesh


   Skills:
 + Level 2.4 Fighting
 + Level 3.7 Short Blades
 + Level 2.3 Throwing
 + Level 1.5 Dodging
 + Level 6.3 Stealth


You had 3 spell levels left.
You didn't know any spells.
Your spell library was empty.

Dungeon Overview and Level Annotations

Branches:
Dungeon (2/15)

Altars:


Innate Abilities, Weirdness & Mutations

You are small and have problems with some larger weapons.
You are carnivorous and can eat meat at any time.


Message History

You are more poisoned.
The adder poisons you!
You closely miss the adder.
The adder is heavily wounded.
The adder bites you.
You are more poisoned.
The adder poisons you!
You hit the adder.
The adder is almost dead.
* * * LOW HITPOINT WARNING * * *
You feel sick. The adder bites you.
* * * LOW HITPOINT WARNING * * *
You completely miss the adder.
The adder is almost dead.
* * * LOW HITPOINT WARNING * * *
You feel sick. The adder misses you.
You hit the adder.
You kill the adder!
You have reached level 4!
You die...

#....#..#.....)# K
#.....(%#..#...###..
#..................#
.#.##....##l..#.#.......
........##).............
.#..###.)....÷..........
## ####..###.<.....#
#............#
#@......###..#
#....†...$.#... ...
##....(..#.#... ..
........#.#$#....
.#(.....#.........
........#####...$
###.....# (. #######


You could see a frilled lizard.

Vanquished Creatures
  An adder (D:2)
  2 oozes (D:1)
  A dart slug (D:1)
  A leopard gecko (D:2)
  3 giant cockroaches
  4 hobgoblins (D:1)
  2 bats (D:1)
  A frilled lizard (D:1)
  4 goblins (D:1)
  4 kobolds (D:1)
  6 rats
29 creatures vanquished.

Notes
Turn   | Place    | Note
-------+----------+-------------------------------------------
     0 | D:1      | silentkaos13 the Kobold Assassin began the quest for the
                  | Orb.
     0 | D:1      | Reached XP level 1. HP: 12/12 MP: 1/1
   461 | D:1      | Reached XP level 2. HP: 17/17 MP: 2/2
   595 | D:1      | Reached skill level 6 in Stealth
   779 | D:1      | Reached XP level 3. HP: 21/21 MP: 3/3
  1319 | D:2      | HP: 1/22 [poisoned by an adder]
  1320 | D:2      | Reached XP level 4. HP: 1/27 MP: 4/4
  1320 | D:2      | Succumbed to an adder's poison

Levels and vault maps discovered:
D:1:      erik_arrival_gehennom, layout_basic
D:2:      layout_rooms, corexii_corridor_pit, kennysheep_generic_room_4

Skill      XL: |  1  2 |
---------------+-------+-----
Stealth        | 6 |  6.3
Short Blades   | 3 |  3.7
Fighting       | |  2.4
Throwing       | |  2.3
Dodging        | |  1.5

Action                   |  1- 3 |  4- 6 || total
-------------------------+-------+-------++-------
Melee: Dagger            |    92 |       ||    92
Throw: Dart              |     3 |       ||     3
  Use: Scroll            |     2 |       ||     2
 Stab: Sleeping          |    11 |       ||    11
  Eat: Chunk             |     1 |       ||     1
Armor: Robe              |    12 |       ||    12
Dodge: Dodged            |    44 |       ||    44

Table legend:
 A = Non-vault XP
 B = Vault XP
 C = Vault XP percentage of total XP
 D = Non-vault monster count
 E = Vault monster count
 F = Vault count percentage of total count
                 A         B        C        D         E       F
            +---------+---------+-------+---------+---------+-------
      Total |      53 |      17 |  24.3 |      24 |       5 |  17.2
            +---------+---------+-------+---------+---------+-------
        D:1 |      32 |      17 |  34.7 |      19 |       5 |  20.8
        D:2 |      21 |       0 |   0.0 |       5 |       0 |   0.0
            +---------+---------+-------+---------+---------+-------
